 Dungeon Crawl Stone Soup version 0.13-a0-2531-g2ad9301 (webtiles) character file.

980 Kae the Ruinous (level 7, 0/36 HPs)
             Began as a Tengu Fire Elementalist on July 26, 2013.
             Succumbed to an orc's poison
             ... on Level 3 of the Dungeon.
             The game lasted 00:06:49 (4927 turns).

Kae the Ruinous (Tengu Fire Elementalist)           Turns: 4927, Time: 00:06:49

HP   0/36        AC  2     Str 14      XL: 7   Next: 79%
MP  17/17        EV 12     Int 20 (22) God:
Gold 226         SH  0     Dex 14      Spells:  3 memorised,  7 levels left

Res.Fire  : + . .   See Invis. : .   d - +1,+0 whip (flame)
Res.Cold  : + + .   Warding    : .   a - +0 robe
Life Prot.: . . .   Conserve   : .   (no shield)
Res.Poison: +       Res.Corr.  : .   (helmet restricted)
Res.Elec. : +       Clarity    : .   (no cloak)
Sust.Abil.: . .     Spirit.Shd : .   (no gloves)
Res.Mut.  : .       Stasis     : .   (boots unavailable)
Res.Rott. : .       Flight     : .   (no amulet)
Saprovore : . . .                    (no ring)
                                     q - ring of protection from cold {unknown}

@: about to teleport, mighty, brilliant, mildly poisoned, hasted, very quick,
slightly resistant to hostile enchantments, fairly stealthy
A: able to fly, beak, talons 3
a: Fly


You were on level 3 of the Dungeon.
You were not hungry.

You visited 1 branch of the dungeon, and saw 4 of its levels.

You collected 206 gold pieces.

Inventory:

Hand weapons
 d - a +1,+0 whip of flaming (weapon)
Armour
 a - a +0 robe (worn)
Comestibles
 c - 5 bread rations
 j - 3 meat rations
 t - a chunk of hobgoblin flesh
Scrolls
 e - 6 scrolls of identify {unknown}
 f - 2 scrolls of curse weapon {unknown}
 l - a scroll of amnesia {unknown}
 n - a scroll of fog {unknown}
 p - 7 scrolls of remove curse {unknown}
 r - 3 scrolls of fear {unknown}
Jewellery
 q - a ring of protection from cold (left hand) {unknown}
Potions
 h - a potion of might
 m - a potion of restore abilities
 s - a potion of speed
Books
 b - a book of Flames

   Spells                             Type                      Level
   *Flame Tongue                      Conjuration/Fire             1
   *Throw Flame                       Conjuration/Fire             2
   *Conjure Flame                     Conjuration/Fire             3
   Inner Flame                        Hexes/Fire                   3
   Sticky Flame                       Conjuration/Fire             4
   Fireball                           Conjuration/Fire             5


   Skills:
 - Level 2.1 Dodging
 - Level 2.0 Stealth
 + Level 3.7 Spellcasting
 * Level 7.9 Conjurations
 + Level 5.5 Fire Magic


You had 7 spell levels left.
You knew the following spells:

 Your Spells              Type           Power        Failure   Level  Hunger
a - Flame Tongue          Conj/Fire      #####        1%          1    None
b - Throw Flame           Conj/Fire      #####.       1%          2    #......
c - Conjure Flame         Conj/Fire      #####...     1%          3    ###....


Dungeon Overview and Level Annotations

Branches:
Dungeon (4/27)
 Temple: D:4-7

Altars:

Annotations
D:4 Dowan, Duvessa


Innate Abilities, Weirdness & Mutations

You can fly.
You have a beak for a mouth.
You have claws for feet.


Message History

You feel dopey.
It was a potion of degeneration.
* * * LOW HITPOINT WARNING * * *
You feel sick.
Drink which item? (? for menu, Esc to quit)
You feel more clever all of a sudden.
It was a potion of brilliance.
* * * LOW HITPOINT WARNING * * *
You feel sick.
You feel a little better.
Drink which item? (? for menu, Esc to quit)
Okay, then.
Read which item? (? for menu, Esc to quit)
Okay, then.
Put on which piece of jewellery? (? for menu, Esc to quit)
q - an agate ring (left hand) {tried} Read which item? (? for menu, Esc to quit)
As you read the scroll labeled GRO PLIRYCA, it crumbles to dust.
You feel strangely unstable.
It was a scroll of teleportation.
You die...

#># #......#.## #.#
#.....###.# #.#
#...)..#.## ##### #.#
##..)##.## ....# #.#
##(##### ###.## #.# #.#
##.#.#####.# #)#
..###...##.# #(#
##.#.#...#.#####@######
##.............%>.....#
....##)..#......#.###.#
##.####.######....#
#.#### #.# #.#
#..#####....## #.# #.#
#..####......#### #.#
#.# #....(..........#
#.# #.#
#.###.#......##.# #.#
#.# #.# #.##(...###.#


There were no monsters in sight!

Vanquished Creatures
  Pikel (D:3)
  3 slaves
  A phantom (D:4)
  2 orc wizards (D:3)
  A worker ant (D:4)
  3 adders
  A giant mite (D:2)
  A worm (D:3)
  An ooze (D:2)
  10 orcs (D:3)
  4 ball pythons
  7 giant cockroaches
  9 goblins
  5 hobgoblins
  8 jackals
  12 kobolds
  5 quokkas
  5 bats
  7 giant newts
  9 rats
95 creatures vanquished.

Notes
Turn   | Place    | Note
--------------------------------------------------------------
     0 | D:1      | Kae, the Tengu Fire Elementalist, began the quest for the Orb.
     0 | D:1      | Reached XP level 1. HP: 10/10 MP: 3/3
   970 | D:1      | Reached XP level 2. HP: 15/15 MP: 3/5
  1330 | D:2      | Reached XP level 3. HP: 19/19 MP: 7/7
  2160 | D:2      | Reached XP level 4. HP: 24/24 MP: 4/8
  2542 | D:3      | Reached skill level 4 in Fire Magic
  3523 | D:3      | Reached XP level 5. HP: 28/28 MP: 11/11
  3665 | D:3      | Reached skill level 5 in Conjurations
  4151 | D:4      | Noticed Duvessa
  4151 | D:4      | Noticed Dowan
  4162 | D:4      | Noticed a slave
  4190 | D:4      | Killed a slave
  4287 | D:4      | Learned a level 2 spell: Throw Flame
  4291 | D:4      | Learned a level 3 spell: Conjure Flame
  4309 | D:4      | Noticed a phantom
  4333 | D:4      | Killed a phantom
  4333 | D:4      | Reached XP level 6. HP: 25/32 MP: 2/14
  4413 | D:4      | Noticed a slave
  4413 | D:4      | Noticed a slave
  4414 | D:4      | Noticed Pikel
  4437 | D:4      | Noticed a slave
  4441 | D:4      | Killed a slave
  4621 | D:3      | Killed a slave
  4783 | D:3      | Killed Pikel
  4783 | D:3      | Reached skill level 7 in Conjurations
  4783 | D:3      | Reached skill level 5 in Fire Magic
  4783 | D:3      | Reached XP level 7. HP: 15/36 MP: 8/17
  4925 | D:3      | HP: 1/36 [poisoned by an orc]
  4927 | D:3      | Succumbed to an orc's poison

Action                   |  1- 3 |  4- 6 |  7- 9 || total
-------------------------+-------+-------+-------++-------
Melee: Unarmed           |    40 |    27 |       ||    67
 Cast: Flame Tongue      |    66 |   129 |     9 ||   204
       Conjure Flame     |       |     3 |       ||     3
 Abil: Fly               |       |     1 |       ||     1
  Use: Potion            |       |     3 |     6 ||     9
       Scroll            |       |       |     1 ||     1
